 Dungeon Crawl Stone Soup version 0.29-a0-284-gf9362112df (webtiles) character file.

Game seed: 5051904207765715313

154 sammy202020 the Skirmisher (level 5, 0/33 HPs)
             Began as a Gargoyle Berserker on Mar 23, 2022.
             Was a Believer of Trog.
             Slain by an orc wizard
             ... wielding a +0 dagger
              (2 damage)
             ... on level 3 of the Dungeon.
             The game lasted 00:04:36 (2801 turns).

sammy202020 the Skirmisher (Gargoyle Berserker)     Turns: 2801, Time: 00:04:36

Health: 0/33       AC: 12    Str: 20    XL:     5   Next: 36%
Magic:  5/5        EV: 14    Int: 10    God:    Trog [**....]
Gold:   30         SH:  0    Dex:  9    Spells: 4/4 levels left

rFire   . . .      SeeInvis .   s - +0 flail
rCold   . . .      Faith    .   v - +0 buckler
rNeg    + + .      Spirit   .   k - +0 ring mail
rPois   ∞          Reflect  .   t - +0 helmet
rElec   +          Harm     .   (no cloak)
rCorr   .          Rampage  .   o - +0 pair of gloves
Will    .....                   (no boots)
Stlth   ..........              (no amulet)
HPRegen 0.11/turn               c - ring of positive energy
MPRegen 0.09/turn               e - +4 ring of evasion

@: confused
A: sickness immunity, AC +4, negative energy resistance 1, electricity
resistance, torment resistance 1, petrification resistance
a: Renounce Religion, Berserk, Trog's Hand


You were on level 3 of the Dungeon.
You worshipped Trog.
Trog was pleased with you.
You visited 1 branch of the dungeon, and saw 3 of its levels.

You collected 84 gold pieces.
You spent 54 gold pieces at shops.

Inventory:

Hand Weapons
 i - a +0 hand axe
 s - a +0 flail (weapon)
Missiles
 j - 2 throwing nets (quivered)
Armour
 k - a +0 ring mail (worn)
 o - a +0 pair of gloves (worn)
 t - a +0 helmet (worn)
 v - a +0 buckler (worn)
Jewellery
 c - a ring of positive energy (left hand)
 e - a +4 ring of evasion (right hand)
Scrolls
 d - 3 scrolls of identify {unknown}
 g - a scroll of holy word {unknown}
 n - a scroll of immolation {unknown}
 q - a scroll of summoning {unknown}
Potions
 a - a potion of degeneration {unknown}
 b - a potion of ambrosia {unknown}
 f - a potion of magic {unknown}
 h - a potion of heal wounds {unknown}
 l - a potion of brilliance
 m - 2 potions of curing {unknown}
 p - 2 potions of cancellation {unknown}
 r - a potion of mutation {unknown}
 u - a potion of attraction {unknown}


   Skills:
 * Level 4.3 Fighting
 * Level 3.8 Maces & Flails
 * Level 3.5 Armour
 + Level 2.5 Dodging
 * Level 0.0 Shields


You had 4 spell levels left.
You didn't know any spells.
Your spell library was empty.

Dungeon Overview and Level Annotations

Branches:
Dungeon (3/15)

Altars:

Shops:
D:1 [   D:2 [


Innate Abilities, Weirdness & Mutations

You are immune to sickness and miasma.
Your stone body is resilient. (AC +4)
You are immune to poison.
You resist negative energy. (rN+)
You are resistant to electric shocks. (rElec)
You are resistant to unholy torment.
You are immune to petrification.


Message History

You hear some strange, mumbled words.
You are confused.
You closely miss something.
You hear some strange, mumbled words.
You are more confused.
You bump into the stone wall.
Something hits you but does no damage.
You bump into the stone wall.
You hear some strange, mumbled words.
A puff of flame appears from out of thin air!
The puff of flame hits you!
You bump into the rock wall.
Something hits you but does no damage.
You completely miss something.
An orc wizard appears from thin air!
Reactivating autopickup.
The orc wizard gestures wildly while chanting.
The orc wizard flickers and vanishes!
Deactivating autopickup; reactivate with Ctrl-A.
Something completely misses you.
You bump into the rock wall.
Something hits you but does no damage.
You bump into the rock wall.
Something hits you but does no damage.
You bump into the stone wall.
Something hits you but does no damage.
You miss something. Something hits you but does no damage.
You bump into the stone wall.
Something hits you but does no damage.
You bump into the rock wall.
You hear some strange, mumbled words.
A puff of flame appears from out of thin air!
The puff of flame hits you!
You closely miss something.
You hear some strange, mumbled words.
You are more confused.
You miss something. Something hits you but does no damage.
You bump into the rock wall.
Something hits you but does no damage.
You bump into the rock wall.
Something hits you but does no damage.
You completely miss something. Something hits you. x2
You bump into the stone wall.
You hear some strange, mumbled words.
A puff of flame appears from out of thin air!
The puff of flame hits you!
* * * LOW HITPOINT WARNING * * *
You bump into the rock wall.
Something hits you.
You die...

### #@#
#.#####{#####
#.....ooo...#
##....oog...#
#..........#
#............#
#..........##..
#..........# #
#...........


You could see 5 orcs and a hobgoblin.

Vanquished Creatures
  Natasha (thrice) (D:2)
  An adder (D:2)
  3 worms (D:2)
  A dart slug (D:1)
  2 orcs (D:3)
  6 endoplasms
  3 giant cockroaches (D:2)
  9 goblins
  2 hobgoblins
  3 quokkas (D:2)
  6 ball pythons
  5 bats
  4 frilled lizards (D:2)
  A kobold (D:1)
  11 rats
60 creatures vanquished.

Notes
Turn   | Place    | Note
-------+----------+-------------------------------------------
     0 | D:1      | sammy202020 the Gargoyle Berserker began the quest for the
                  | Orb.
     0 | D:1      | Reached XP level 1. HP: 14/14 MP: 1/1
    93 | D:1      | Reached XP level 2. HP: 12/19 MP: 2/2
  1082 | D:1      | Reached XP level 3. HP: 23/23 MP: 3/3
  1254 | D:1      | Found Fier's Antique Armour Shoppe.
  1610 | D:2      | Found Detarph's Armour Shoppe.
  2033 | D:2      | Reached XP level 4. HP: 29/29 MP: 4/4
  2040 | D:2      | Reached ** piety under Trog
  2124 | D:2      | Noticed Natasha
  2134 | D:2      | Killed Natasha
  2135 | D:2      | Reached skill level 4 in Fighting
  2289 | D:2      | Noticed Natasha
  2303 | D:2      | Killed Natasha
  2415 | D:2      | Reached XP level 5. HP: 33/33 MP: 5/5
  2569 | D:2      | Noticed Natasha
  2578 | D:2      | Killed Natasha
  2593 | D:2      | Bought a +0 buckler for 54 gold pieces
  2801 | D:3      | Slain by an orc wizard

Illustrated notes

Levels and vault maps discovered:
D:1:      dpeg_arrival_subterranean_lakeside_camping, layout_basic,
          serial_shops, shop
D:2:      minmay_spotlight, layout_basic, serial_shops,
          nicolae_shop_competitors_out_of_business,
          minmay_misc_feat_secret_circle, uniq_natasha
D:3:      layout_rooms, minmay_misc_feat_ornament, grunt_ministairs_14,
          uniq_ijyb

Skill      XL: |  1  2  3  4 |
---------------+-------------+-----
Dodging        | 2 |  2.5
Armour         | 3 |  3.5
Fighting       | 4 |  4.3
Maces & Flails | |  3.8

Action                   |  1- 3 |  4- 6 || total
-------------------------+-------+-------++-------
Melee: Mace              |   117 |    17 ||   134
       Punch             |     1 |       ||     1
       Flail             |       |    66 ||    66
Invok: Berserk           |     1 |       ||     1
 Stab: Sleeping          |     1 |       ||     1
Armor: Animal skin       |    24 |       ||    24
       Ring mail         |    18 |    48 ||    66
Dodge: Dodged            |    92 |    72 ||   164
Block: Buckler           |       |     4 ||     4

Table legend: (Time is in decaauts)
 A = Elapsed time spent in this place.
 B = Non-inter-level travel time spent in this place.
 C = Inter-level travel time spent in this place.
 D = Time resting spent in this place.
 E = Time spent auto-exploring this place.
 F = Levels seen in this place.
 G = Mean time per level.
                   A        B        C        D        E       F      G
               +--------+--------+--------+--------+--------+-----+--------+
         Total |   2890 |   2801 |     89 |      0 |   2174 |   3 |  963.3 |
       Dungeon |   2890 |   2801 |     89 |      0 |   2174 |   3 |  963.3 |
               +--------+--------+--------+--------+--------+-----+--------+

Top non-repeatable levels by time:
     D:1: 1528 daAuts
     D:2: 1315 daAuts
     D:3: 46 daAuts
